Pick #1

Connor Bedard
Pick #2

Leo Carlsson
Pick #3

Adam Fantilli
Pick #4

Matvei Michkov
Pick #5

David Reinbacher
Pick #6

William Smith
Pick #7

Zachary Benson
Pick #8

Ryan Leonard
Pick #9

Gabriel Perreault
Pick #10

Axel Sandin-Pellika
Pick #11

Daniil But
Pick #12

Dalibor Dvorsky
Pick #13

Quentin Musty
Pick #14

Brayden Yager
Pick #15

Dmitry Simashev
Pick #16

Colby Barlow
Pick #17

Andrew Cristall
Pick #18

Easton Cowan
Pick #19

Jacob Fowler
Pick #20

Oliver Moore
Pick #21

Oliver Bonk
Pick #22

Tom Willander
Pick #23

Calum Ritchie
Pick #24

Tanner Molendyk
Pick #25

Gavin Brindley
Pick #26

Nate Danielson
Pick #27

Pick #28

Pick #29

Pick #30

Pick #31

Pick #32

Pick #33

Pick #34

Pick #35

Pick #36

Pick #37

Pick #38

Pick #39

Pick #40

Pick #41

Pick #42

Pick #43

Pick #44

Pick #45

Pick #46

Pick #47

Pick #48

Pick #49

Pick #50

Pick #51

Pick #52

Pick #53

Pick #54

Pick #55

Pick #56

Pick #57

Pick #58

Pick #59

Pick #60

Pick #61

Pick #62

Pick #63

Pick #64

Pick #65

Pick #66

Pick #67

Pick #68

Pick #69

Pick #70

Pick #71

Pick #72

Pick #73

Pick #74

Pick #75

Pick #76

Pick #77

Pick #78

Pick #79

Pick #80

Pick #81

Pick #82

Pick #83

Pick #84

Pick #85

Pick #86

Pick #87

Pick #88

Pick #89

Pick #90

Pick #91

Pick #92

Pick #93

Pick #94

Pick #95

Pick #96

Pick #97

Pick #98

Pick #99

Pick #100

Pick #101

Pick #102

Pick #103

Pick #104

Pick #105

Pick #106

Pick #107

Pick #108

Pick #109

Pick #110

Pick #111

Pick #112

Pick #113

Pick #114

Pick #115

Pick #116

Pick #117

Pick #118

Pick #119

Pick #120

Pick #121

Pick #122

Pick #123

Pick #124

Pick #125

Pick #126

Pick #127

Pick #128

Pick #129

Pick #130

Full Scoreboard »»

Rangers vs BlackHawks

Created - February 16, 2024 at 09:37

Goals
1 2 3 T
Rangers 0 1 0 1
BlackHawks 2 1 0 3
Shots
1 2 3 T
Rangers 3 13 12 28
BlackHawks 8 13 13 34

GoalsPenalties
1st period
1. BlackHawks , Anders Lee 18 (Ivan Barbashev 31, Max Domi 19) at 1:19
2. BlackHawks , Max Domi 14 (Zach Bogosian 9, Anders Lee 27) at 5:36
Luke Schenn (NYR) for Tripping (Minor) at 11:48
Ryan Donato (CHI) for Hooking (Minor) at 17:35
2nd period
3. BlackHawks , Kirill Kaprizov 19 (Nick Ritchie 7, Marc-Edouard Vlasic 18) at 10:50
4. Rangers , Jack Quinn 6 (Mario Ferraro 30, Luke Schenn 14) at 15:48 (PP)
Kent Johnson (NYR) for Holding (Minor) at 6:26
Matt Martin (CHI) for Holding (Minor) at 13:58
Ivan Barbashev (CHI) for Hooking (Minor) at 17:24
3rd period
No Goal
Luke Schenn (NYR) for Holding (Minor) at 9:14
Goalie Stats
Arturs Silovs (NYR), 31 saves from 34 shots - (0.912), L, 2-4-0, 60:00 minutes
Casey DeSmith (CHI), 27 saves from 28 shots - (0.964), W, 5-8-4, 60:00 minutes
3 StarsOfficial
1 - Max Domi (CHI)
2 - Anders Lee (CHI)
3 - Casey DeSmith (CHI)
Referees : Brian Pochmara and Brandon Blandina
Linesman : Jonny Murray and Pierre Racicot
Game Note
Justin Braun is injured at 1:56 of 1st period (Strained Right Knee)
Finance
Level 1 -- Attendance: 5844 (89.91%) -- Ticket Income $642,840
Level 2 -- Attendance: 3469 (69.38%) -- Ticket Income $346,900
Level 3 -- Attendance: 2266 (64.74%) -- Ticket Income $192,610
Level 4 -- Attendance: 2124 (57.14%) -- Ticket Income $106,200
Luxury Box -- Attendance: 882 (88.20%) -- Ticket Income $176,400
Game was played at the United Center.
Total Attendance: 14585 (73.97%)
Total Ticket Income: $1,464,950
Other Income: $366,238
Total Income: $1,831,188



Team Name Goals Shots Shots Attemp Shots Blocked PIM HIT PP PK FO%
Rangers 12849116281 / 3 (33%)045%
BlackHawks 3347556210 / 3 (0%)155%

Rangers
Player Name POS G A P +/- PIM HIT SHT SB MP PP MP PP SHT PK MP PK SHT FO% FOT
Anthony BeauvillierLW000-1013014:512:5900:00050% 4
Caleb JonesD000-1032321:392:4302:3800% 0
Casey MittelstadtC0000011016:302:5901:04061% 23
Eric RobinsonLW0000032012:270:0000:0000% 0
Jack QuinnRW101-1011114:512:5910:0000% 0
Jake ChristiansenD000-1041016:110:0000:0000% 0
Justin DanforthRW0000012012:270:0000:0000% 1
Juuso ParssinenC000-2020015:180:0003:07022% 9
Kent JohnsonC000-2201013:530:0001:43067% 6
Luke KuninC0000000011:450:0000:00042% 12
Luke SchennD011-1490020:363:0501:0300% 0
Mario FerraroD011-1015221:573:0522:2200% 0
Nathan WalkerLW000-2010015:010:0002:500100% 1
Nick BoninoC000-1002014:442:4910:03025% 12
Patrik LaineLW0000002014:342:4920:000100% 1
Riley StillmanD000-1011019:070:0003:0800% 0
Sebastien AhoD000-1003320:282:4322:4300% 0
Yegor ChinakhovRW0000002217:412:4903:0700% 2
BlackHawks
Player Name POS G A P +/- PIM HIT SHT SB MP PP MP PP SHT PK MP PK SHT FO% FOT
Anders LeeLW1122008020:583:2423:5300% 0
Andrei KuzmenkoLW0000002013:482:3320:5900% 2
Braden SchneiderD0003051124:502:5202:4500% 0
Derek ForbortD0000021022:512:2713:0300% 0
Ivan BarbashevC0112241018:172:3302:04037% 19
Jaden SchwartzC000000207:450:0001:02050% 8
Justin BraunD000000020:370:0000:0000% 0
Kirill KaprizovLW1011007017:460:0000:000100% 1
Marc-Edouard VlasicD0112014024:373:2112:3700% 0
Matt MartinLW000020006:420:0000:0000% 0
Max DomiC1122001017:053:2400:0000% 0
Nick LeddyD0000011127:403:0512:5100% 0
Nick RitchieLW0111021017:460:0000:0000% 0
Ryan DonatoC0001200022:042:3301:46065% 23
Sonny MilanoLW000000107:390:0000:5600% 0
Ty DellandreaC0000013114:253:2400:56043% 7
Tyler SeguinC0000010010:050:0000:00082% 11
Zach BogosianD0111041019:140:0900:2000% 0



Play-by-Play

1st period


0:01 of 1st period - Ryan Donato wins face-off versus Luke Kunin in neutral zone.
0:15 of 1st period - Kirill Kaprizov is hit by Mario Ferraro and loses puck.
1:17 of 1st period - Shot by Anders Lee.
1:17 of 1st period - Stopped by Arturs Silovs with a rebound.
1:19 of 1st period - Shot by Anders Lee.
1:19 of 1st period - Goal by Anders Lee - Rangers : 0 - BlackHawks : 1.
1:20 of 1st period - Tyler Seguin wins face-off versus Casey Mittelstadt in neutral zone.
1:20 of 1st period - Tyler Seguin is hit by Eric Robinson.
1:38 of 1st period - Shot by Justin Danforth.
1:38 of 1st period - Stopped by Casey DeSmith with a rebound.
1:52 of 1st period - Shot by Casey Mittelstadt.
1:52 of 1st period - Stopped by Casey DeSmith with a rebound.
1:54 of 1st period - Shot by Sebastien Aho.
1:54 of 1st period - Shot Blocked by Justin Braun.
1:56 of 1st period - Shot by Casey Mittelstadt.
1:56 of 1st period - Shot Blocked by Justin Braun.
1:56 of 1st period - Justin Braun from BlackHawks is injured at 1:56 of 1st period (Strained Right Knee).
1:57 of 1st period - Kent Johnson wins face-off versus Ivan Barbashev in BlackHawks zone.
2:03 of 1st period - Nathan Walker is hit by Braden Schneider and loses puck.
2:11 of 1st period - Juuso Parssinen is hit by Marc-Edouard Vlasic and loses puck.
2:22 of 1st period - Shot by Kent Johnson.
2:22 of 1st period - Shot Misses the Net.
2:24 of 1st period - Shot by Juuso Parssinen.
2:24 of 1st period - Shot Misses the Net.
2:51 of 1st period - Anders Lee is hit by Luke Schenn and loses puck.
3:25 of 1st period - Jaden Schwartz is hit by Luke Schenn and loses puck.
3:37 of 1st period - Off-side.
3:38 of 1st period - Casey Mittelstadt wins face-off versus Ryan Donato in neutral zone.
4:46 of 1st period - Shot by Andrei Kuzmenko.
4:46 of 1st period - Shot Misses the Net.
4:52 of 1st period - Shot by Andrei Kuzmenko.
4:52 of 1st period - Shot Blocked by Yegor Chinakhov.
4:54 of 1st period - Shot by Ty Dellandrea.
4:54 of 1st period - Stopped by Arturs Silovs without a rebound.
4:55 of 1st period - Juuso Parssinen wins face-off versus Ivan Barbashev in Rangers zone.
5:32 of 1st period - Shot by Anders Lee.
5:32 of 1st period - Shot Misses the Net.
5:36 of 1st period - Shot by Max Domi.
5:36 of 1st period - Goal by Max Domi - Rangers : 0 - BlackHawks : 2.
5:37 of 1st period - Ryan Donato wins face-off versus Yegor Chinakhov in neutral zone.
6:34 of 1st period - Icing by Marc-Edouard Vlasic.
6:35 of 1st period - Nick Bonino wins face-off versus Tyler Seguin in BlackHawks zone.
6:39 of 1st period - Anthony Beauvillier is hit by Braden Schneider and loses puck.
7:31 of 1st period - Nick Bonino is hit by Zach Bogosian and loses puck.
8:21 of 1st period - Shot by Kirill Kaprizov.
8:21 of 1st period - Stopped by Arturs Silovs with a rebound.
9:16 of 1st period - Off-side.
9:17 of 1st period - Luke Kunin wins face-off versus Jaden Schwartz in neutral zone.
10:41 of 1st period - Icing by Derek Forbort.
10:42 of 1st period - Jaden Schwartz wins face-off versus Nick Bonino in BlackHawks zone.
10:42 of 1st period - Derek Forbort is hit by Luke Schenn and loses puck.
10:50 of 1st period - Zach Bogosian is hit by Luke Schenn.
11:03 of 1st period - Nick Bonino is hit by Braden Schneider and loses puck.
11:09 of 1st period - Kirill Kaprizov is hit by Jack Quinn.
11:21 of 1st period - Shot by Ryan Donato.
11:21 of 1st period - Shot Misses the Net.
11:24 of 1st period - Kirill Kaprizov is hit by Luke Schenn and loses puck.
11:48 of 1st period - Minor Penalty to Luke Schenn for Tripping.
11:49 of 1st period - Ty Dellandrea wins face-off versus Kent Johnson in Rangers zone.
12:20 of 1st period - Shot by Marc-Edouard Vlasic.
12:20 of 1st period - Shot Blocked by Caleb Jones.
12:24 of 1st period - Shot by Max Domi.
12:24 of 1st period - Shot Hit the Post.
12:26 of 1st period - Shot by Marc-Edouard Vlasic.
12:26 of 1st period - Stopped by Arturs Silovs without a rebound.
12:27 of 1st period - Kent Johnson wins face-off versus Andrei Kuzmenko in Rangers zone.
12:40 of 1st period - Shot by Derek Forbort.
12:40 of 1st period - Stopped by Arturs Silovs with a rebound.
13:19 of 1st period - Max Domi is hit by Caleb Jones and loses puck.
14:10 of 1st period - Braden Schneider is hit by Eric Robinson and loses puck.
14:34 of 1st period - Icing by Zach Bogosian.
14:35 of 1st period - Luke Kunin wins face-off versus Jaden Schwartz in BlackHawks zone.
14:35 of 1st period - Luke Kunin is hit by Zach Bogosian.
14:43 of 1st period - Shot by Yegor Chinakhov.
14:43 of 1st period - Stopped by Casey DeSmith without a rebound.
14:44 of 1st period - Ryan Donato wins face-off versus Juuso Parssinen in BlackHawks zone.
14:44 of 1st period - Ryan Donato is hit by Juuso Parssinen.
15:59 of 1st period - Shot by Max Domi.
15:59 of 1st period - Shot Misses the Net.
16:06 of 1st period - Icing by Luke Kunin.
16:07 of 1st period - Tyler Seguin wins face-off versus Luke Kunin in Rangers zone.
16:39 of 1st period - Tyler Seguin is hit by Jake Christiansen and loses puck.
17:02 of 1st period - Shot by Anders Lee.
17:02 of 1st period - Stopped by Arturs Silovs without a rebound.
17:03 of 1st period - Ryan Donato wins face-off versus Casey Mittelstadt in Rangers zone.
17:35 of 1st period - Minor Penalty to Ryan Donato for Hooking.
17:36 of 1st period - Ivan Barbashev wins face-off versus Casey Mittelstadt in BlackHawks zone.
17:36 of 1st period - Ivan Barbashev is hit by Casey Mittelstadt.
19:00 of 1st period - Shot by Derek Forbort.
19:00 of 1st period - Shot Blocked by Caleb Jones.
Goals for this period are 0 for Rangers vs 2 for BlackHawks.
Shots for this period are 3 for Rangers vs 8 for BlackHawks.

2nd period


0:01 of 2nd period - Ivan Barbashev wins face-off versus Anthony Beauvillier in neutral zone.
1:08 of 2nd period - Shot by Kirill Kaprizov.
1:08 of 2nd period - Shot Blocked by Jack Quinn.
1:12 of 2nd period - Shot by Kirill Kaprizov.
1:12 of 2nd period - Shot Misses the Net.
1:14 of 2nd period - Shot by Kirill Kaprizov.
1:14 of 2nd period - Shot Misses the Net.
1:16 of 2nd period - Shot by Nick Ritchie.
1:16 of 2nd period - Shot Misses the Net.
1:18 of 2nd period - Shot by Nick Ritchie.
1:18 of 2nd period - Stopped by Arturs Silovs without a rebound.
1:19 of 2nd period - Ty Dellandrea wins face-off versus Luke Kunin in Rangers zone.
1:22 of 2nd period - Shot by Tyler Seguin.
1:22 of 2nd period - Shot Misses the Net.
1:24 of 2nd period - Shot by Tyler Seguin.
1:24 of 2nd period - Shot Blocked by Sebastien Aho.
1:26 of 2nd period - Shot by Ty Dellandrea.
1:26 of 2nd period - Stopped by Arturs Silovs with a rebound.
1:28 of 2nd period - Shot by Ty Dellandrea.
1:28 of 2nd period - Shot Misses the Net.
2:15 of 2nd period - Off-side.
2:16 of 2nd period - Kirill Kaprizov wins face-off versus Casey Mittelstadt in neutral zone.
2:50 of 2nd period - Shot by Justin Danforth.
2:50 of 2nd period - Stopped by Casey DeSmith without a rebound.
2:51 of 2nd period - Ivan Barbashev wins face-off versus Juuso Parssinen in BlackHawks zone.
3:15 of 2nd period - Shot by Anders Lee.
3:15 of 2nd period - Shot Misses the Net.
3:17 of 2nd period - Shot by Marc-Edouard Vlasic.
3:17 of 2nd period - Stopped by Arturs Silovs with a rebound.
3:23 of 2nd period - Shot by Ivan Barbashev.
3:23 of 2nd period - Shot Misses the Net.
3:25 of 2nd period - Shot by Max Domi.
3:25 of 2nd period - Shot Misses the Net.
3:35 of 2nd period - Anders Lee is hit by Nathan Walker and loses puck.
4:07 of 2nd period - Shot by Kirill Kaprizov.
4:07 of 2nd period - Stopped by Arturs Silovs without a rebound.
4:08 of 2nd period - Tyler Seguin wins face-off versus Justin Danforth in Rangers zone.
4:13 of 2nd period - Shot by Tyler Seguin.
4:13 of 2nd period - Shot Misses the Net.
4:33 of 2nd period - Shot by Casey Mittelstadt.
4:33 of 2nd period - Shot Blocked by Nick Leddy.
5:04 of 2nd period - Off-side.
5:05 of 2nd period - Anthony Beauvillier wins face-off versus Jaden Schwartz in neutral zone.
5:39 of 2nd period - Shot by Jaden Schwartz.
5:39 of 2nd period - Stopped by Arturs Silovs without a rebound.
5:40 of 2nd period - Ryan Donato wins face-off versus Luke Kunin in Rangers zone.
5:53 of 2nd period - Shot by Kirill Kaprizov.
5:53 of 2nd period - Shot Misses the Net.
6:09 of 2nd period - Shot by Caleb Jones.
6:09 of 2nd period - Stopped by Casey DeSmith with a rebound.
6:26 of 2nd period - Minor Penalty to Kent Johnson for Holding.
6:27 of 2nd period - Casey Mittelstadt wins face-off versus Ty Dellandrea in Rangers zone.
7:40 of 2nd period - Shot by Andrei Kuzmenko.
7:40 of 2nd period - Stopped by Arturs Silovs with a rebound.
7:42 of 2nd period - Shot by Nick Leddy.
7:42 of 2nd period - Stopped by Arturs Silovs without a rebound.
7:43 of 2nd period - Casey Mittelstadt wins face-off versus Ivan Barbashev in Rangers zone.
8:01 of 2nd period - Icing by Derek Forbort.
8:02 of 2nd period - Ivan Barbashev wins face-off versus Juuso Parssinen in BlackHawks zone.
8:15 of 2nd period - Shot by Derek Forbort.
8:15 of 2nd period - Shot Misses the Net.
8:43 of 2nd period - Shot by Jaden Schwartz.
8:43 of 2nd period - Stopped by Arturs Silovs without a rebound.
8:44 of 2nd period - Casey Mittelstadt wins face-off versus Ivan Barbashev in Rangers zone.
8:44 of 2nd period - Casey Mittelstadt is hit by Ivan Barbashev.
8:52 of 2nd period - Shot by Casey Mittelstadt.
8:52 of 2nd period - Shot Hit the Post.
9:03 of 2nd period - Ivan Barbashev is hit by Luke Schenn and loses puck.
9:07 of 2nd period - Max Domi is hit by Luke Schenn and loses puck.
9:25 of 2nd period - Icing by Mario Ferraro.
9:26 of 2nd period - Casey Mittelstadt wins face-off versus Andrei Kuzmenko in Rangers zone.
10:05 of 2nd period - Juuso Parssinen is hit by Ty Dellandrea and loses puck.
10:42 of 2nd period - Shot by Nick Ritchie.
10:42 of 2nd period - Deflect By Ryan Donato.
10:42 of 2nd period - Shot Misses the Net.
10:44 of 2nd period - Shot by Marc-Edouard Vlasic.
10:44 of 2nd period - Shot Misses the Net.
10:46 of 2nd period - Shot by Nick Ritchie.
10:46 of 2nd period - Shot Misses the Net.
10:48 of 2nd period - Shot by Kirill Kaprizov.
10:48 of 2nd period - Stopped by Arturs Silovs with a rebound.
10:50 of 2nd period - Shot by Kirill Kaprizov.
10:50 of 2nd period - Goal by Kirill Kaprizov - Rangers : 0 - BlackHawks : 3.
10:51 of 2nd period - Ivan Barbashev wins face-off versus Luke Kunin in neutral zone.
11:10 of 2nd period - Luke Kunin is hit by Zach Bogosian and loses puck.
11:27 of 2nd period - Marc-Edouard Vlasic is hit by Caleb Jones and loses puck.
12:02 of 2nd period - Shot by Anthony Beauvillier.
12:02 of 2nd period - Stopped by Casey DeSmith without a rebound.
12:03 of 2nd period - Ryan Donato wins face-off versus Casey Mittelstadt in BlackHawks zone.
12:26 of 2nd period - Eric Robinson is hit by Derek Forbort and loses puck.
12:30 of 2nd period - Eric Robinson is hit by Nick Leddy and loses puck.
12:33 of 2nd period - Shot by Mario Ferraro.
12:33 of 2nd period - Shot Misses the Net.
12:35 of 2nd period - Shot by Eric Robinson.
12:35 of 2nd period - Stopped by Casey DeSmith without a rebound.
12:36 of 2nd period - Tyler Seguin wins face-off versus Nick Bonino in BlackHawks zone.
12:51 of 2nd period - Shot by Tyler Seguin.
12:51 of 2nd period - Shot Misses the Net.
12:59 of 2nd period - Shot by Tyler Seguin.
12:59 of 2nd period - Shot Misses the Net.
13:01 of 2nd period - Shot by Andrei Kuzmenko.
13:01 of 2nd period - Shot Misses the Net.
13:03 of 2nd period - Shot by Ty Dellandrea.
13:03 of 2nd period - Stopped by Arturs Silovs without a rebound.
13:04 of 2nd period - Jaden Schwartz wins face-off versus Luke Kunin in Rangers zone.
13:06 of 2nd period - Sonny Milano is hit by Caleb Jones and loses puck.
13:32 of 2nd period - Sonny Milano is hit by Riley Stillman and loses puck.
13:58 of 2nd period - Minor Penalty to Matt Martin for Holding.
13:59 of 2nd period - Casey Mittelstadt wins face-off versus Ivan Barbashev in BlackHawks zone.
15:46 of 2nd period - Shot by Mario Ferraro.
15:46 of 2nd period - Stopped by Casey DeSmith with a rebound.
15:48 of 2nd period - Shot by Jack Quinn.
15:48 of 2nd period - Goal by Jack Quinn - Rangers : 1 - BlackHawks : 3.
15:49 of 2nd period - Jaden Schwartz wins face-off versus Juuso Parssinen in neutral zone.
16:09 of 2nd period - Shot by Zach Bogosian.
16:09 of 2nd period - Stopped by Arturs Silovs without a rebound.
16:10 of 2nd period - Casey Mittelstadt wins face-off versus Ivan Barbashev in Rangers zone.
16:19 of 2nd period - Shot by Casey Mittelstadt.
16:19 of 2nd period - Deflect By Justin Danforth.
16:19 of 2nd period - Shot Hit the Post.
16:21 of 2nd period - Shot by Eric Robinson.
16:21 of 2nd period - Shot Misses the Net.
16:31 of 2nd period - Shot by Eric Robinson.
16:31 of 2nd period - Stopped by Casey DeSmith without a rebound.
16:32 of 2nd period - Nathan Walker wins face-off versus Ryan Donato in BlackHawks zone.
17:24 of 2nd period - Minor Penalty to Ivan Barbashev for Hooking.
17:25 of 2nd period - Jaden Schwartz wins face-off versus Nick Bonino in BlackHawks zone.
17:37 of 2nd period - Shot by Patrik Laine.
17:37 of 2nd period - Stopped by Casey DeSmith without a rebound.
17:38 of 2nd period - Casey Mittelstadt wins face-off versus Ryan Donato in BlackHawks zone.
17:53 of 2nd period - Shot by Anthony Beauvillier.
17:53 of 2nd period - Shot Misses the Net.
17:55 of 2nd period - Shot by Sebastien Aho.
17:55 of 2nd period - Stopped by Casey DeSmith without a rebound.
17:56 of 2nd period - Ryan Donato wins face-off versus Nick Bonino in BlackHawks zone.
18:19 of 2nd period - Shot by Patrik Laine.
18:19 of 2nd period - Stopped by Casey DeSmith with a rebound.
18:21 of 2nd period - Shot by Nick Bonino.
18:21 of 2nd period - Shot Misses the Net.
18:23 of 2nd period - Shot by Nick Bonino.
18:23 of 2nd period - Stopped by Casey DeSmith without a rebound.
18:24 of 2nd period - Ryan Donato wins face-off versus Casey Mittelstadt in BlackHawks zone.
18:49 of 2nd period - Shot by Sebastien Aho.
18:49 of 2nd period - Shot Blocked by Braden Schneider.
18:51 of 2nd period - Shot by Sebastien Aho.
18:51 of 2nd period - Stopped by Casey DeSmith without a rebound.
18:52 of 2nd period - Ryan Donato wins face-off versus Nick Bonino in BlackHawks zone.
19:11 of 2nd period - Shot by Mario Ferraro.
19:11 of 2nd period - Shot Misses the Net.
19:19 of 2nd period - Shot by Mario Ferraro.
19:19 of 2nd period - Stopped by Casey DeSmith without a rebound.
19:20 of 2nd period - Casey Mittelstadt wins face-off versus Ty Dellandrea in BlackHawks zone.
19:23 of 2nd period - Shot by Anthony Beauvillier.
19:23 of 2nd period - Shot Misses the Net.
19:28 of 2nd period - Icing by Nick Leddy.
19:29 of 2nd period - Tyler Seguin wins face-off versus Casey Mittelstadt in BlackHawks zone.
19:29 of 2nd period - Tyler Seguin is hit by Eric Robinson.
19:32 of 2nd period - Ty Dellandrea is hit by Justin Danforth.
19:51 of 2nd period - Icing by Jake Christiansen.
19:52 of 2nd period - Ryan Donato wins face-off versus Casey Mittelstadt in Rangers zone.
19:55 of 2nd period - Shot by Nick Ritchie.
19:55 of 2nd period - Shot Misses the Net.
19:57 of 2nd period - Shot by Marc-Edouard Vlasic.
19:57 of 2nd period - Stopped by Arturs Silovs without a rebound.
19:58 of 2nd period - Ryan Donato wins face-off versus Nick Bonino in Rangers zone.
Goals for this period are 1 for Rangers vs 1 for BlackHawks.
Shots for this period are 13 for Rangers vs 13 for BlackHawks.

3rd period


0:01 of 3rd period - Ryan Donato wins face-off versus Anthony Beauvillier in neutral zone.
1:37 of 3rd period - Shot by Luke Kunin.
1:37 of 3rd period - Shot Misses the Net.
1:39 of 3rd period - Shot by Mario Ferraro.
1:39 of 3rd period - Stopped by Casey DeSmith without a rebound.
1:40 of 3rd period - Tyler Seguin wins face-off versus Casey Mittelstadt in BlackHawks zone.
1:48 of 3rd period - Nick Leddy is hit by Jake Christiansen and loses puck.
2:23 of 3rd period - Shot by Casey Mittelstadt.
2:23 of 3rd period - Shot Misses the Net.
2:52 of 3rd period - Shot by Kent Johnson.
2:52 of 3rd period - Stopped by Casey DeSmith without a rebound.
2:53 of 3rd period - Ivan Barbashev wins face-off versus Nick Bonino in BlackHawks zone.
2:53 of 3rd period - Braden Schneider is hit by Luke Schenn.
2:57 of 3rd period - Anthony Beauvillier is hit by Ivan Barbashev.
3:03 of 3rd period - Shot by Ivan Barbashev.
3:03 of 3rd period - Shot Misses the Net.
3:13 of 3rd period - Shot by Ivan Barbashev.
3:13 of 3rd period - Stopped by Arturs Silovs with a rebound.
3:15 of 3rd period - Shot by Max Domi.
3:15 of 3rd period - Deflect By Anders Lee.
3:15 of 3rd period - Shot Blocked by Mario Ferraro.
3:17 of 3rd period - Shot by Anders Lee.
3:17 of 3rd period - Shot Misses the Net.
3:52 of 3rd period - Jack Quinn is hit by Nick Ritchie and loses puck.
4:26 of 3rd period - Icing by Ty Dellandrea.
4:27 of 3rd period - Tyler Seguin wins face-off versus Juuso Parssinen in BlackHawks zone.
4:27 of 3rd period - Tyler Seguin is hit by Juuso Parssinen.
4:39 of 3rd period - Shot by Juuso Parssinen.
4:39 of 3rd period - Shot Blocked by Ty Dellandrea.
5:14 of 3rd period - Caleb Jones is hit by Tyler Seguin.
5:42 of 3rd period - Nathan Walker is hit by Ivan Barbashev and loses puck.
6:05 of 3rd period - Shot by Sebastien Aho.
6:05 of 3rd period - Stopped by Casey DeSmith with a rebound.
6:07 of 3rd period - Shot by Jake Christiansen.
6:07 of 3rd period - Stopped by Casey DeSmith without a rebound.
6:08 of 3rd period - Casey Mittelstadt wins face-off versus Ryan Donato in BlackHawks zone.
6:21 of 3rd period - Shot by Mario Ferraro.
6:21 of 3rd period - Stopped by Casey DeSmith without a rebound.
6:22 of 3rd period - Luke Kunin wins face-off versus Jaden Schwartz in BlackHawks zone.
6:35 of 3rd period - Shot by Sonny Milano.
6:35 of 3rd period - Shot Blocked by Sebastien Aho.
6:37 of 3rd period - Shot by Sonny Milano.
6:37 of 3rd period - Shot Blocked by Yegor Chinakhov.
6:43 of 3rd period - Shot by Jaden Schwartz.
6:43 of 3rd period - Deflect By Sonny Milano.
6:43 of 3rd period - Stopped by Arturs Silovs with a rebound.
6:47 of 3rd period - Shot by Braden Schneider.
6:47 of 3rd period - Stopped by Arturs Silovs without a rebound.
6:48 of 3rd period - Nick Bonino wins face-off versus Ryan Donato in Rangers zone.
6:48 of 3rd period - Nick Bonino is hit by Nick Ritchie.
7:30 of 3rd period - Icing by Luke Schenn.
7:31 of 3rd period - Anthony Beauvillier wins face-off versus Ivan Barbashev in Rangers zone.
7:38 of 3rd period - Shot by Anthony Beauvillier.
7:38 of 3rd period - Stopped by Casey DeSmith without a rebound.
7:39 of 3rd period - Casey Mittelstadt wins face-off versus Ivan Barbashev in BlackHawks zone.
7:58 of 3rd period - Shot by Max Domi.
7:58 of 3rd period - Shot Misses the Net.
8:02 of 3rd period - Shot by Ivan Barbashev.
8:02 of 3rd period - Shot Blocked by Sebastien Aho.
8:14 of 3rd period - Shot by Anders Lee.
8:14 of 3rd period - Stopped by Arturs Silovs with a rebound.
8:16 of 3rd period - Shot by Marc-Edouard Vlasic.
8:16 of 3rd period - Stopped by Arturs Silovs without a rebound.
8:17 of 3rd period - Ryan Donato wins face-off versus Luke Kunin in Rangers zone.
9:14 of 3rd period - Minor Penalty to Luke Schenn for Holding.
9:15 of 3rd period - Ty Dellandrea wins face-off versus Kent Johnson in Rangers zone.
9:24 of 3rd period - Shot by Braden Schneider.
9:24 of 3rd period - Shot Misses the Net.
9:26 of 3rd period - Shot by Anders Lee.
9:26 of 3rd period - Shot Misses the Net.
9:28 of 3rd period - Shot by Anders Lee.
9:28 of 3rd period - Stopped by Arturs Silovs without a rebound.
9:29 of 3rd period - Kent Johnson wins face-off versus Ty Dellandrea in Rangers zone.
9:40 of 3rd period - Shot by Anders Lee.
9:40 of 3rd period - Stopped by Arturs Silovs without a rebound.
9:41 of 3rd period - Kent Johnson wins face-off versus Ivan Barbashev in Rangers zone.
10:04 of 3rd period - Shot by Ryan Donato.
10:04 of 3rd period - Shot Blocked by Mario Ferraro.
10:06 of 3rd period - Shot by Andrei Kuzmenko.
10:06 of 3rd period - Stopped by Arturs Silovs without a rebound.
10:07 of 3rd period - Juuso Parssinen wins face-off versus Ty Dellandrea in Rangers zone.
10:50 of 3rd period - Shot by Nick Leddy.
10:50 of 3rd period - Shot Misses the Net.
12:50 of 3rd period - Shot by Mario Ferraro.
12:50 of 3rd period - Stopped by Casey DeSmith with a rebound.
12:54 of 3rd period - Shot by Anthony Beauvillier.
12:54 of 3rd period - Shot Misses the Net.
12:56 of 3rd period - Shot by Nick Bonino.
12:56 of 3rd period - Deflect By Anthony Beauvillier.
12:56 of 3rd period - Stopped by Casey DeSmith without a rebound.
12:57 of 3rd period - Ivan Barbashev wins face-off versus Juuso Parssinen in BlackHawks zone.
13:13 of 3rd period - Juuso Parssinen is hit by Zach Bogosian and loses puck.
13:22 of 3rd period - Shot by Kent Johnson.
13:22 of 3rd period - Shot Misses the Net.
13:24 of 3rd period - Shot by Riley Stillman.
13:24 of 3rd period - Stopped by Casey DeSmith without a rebound.
13:25 of 3rd period - Patrik Laine wins face-off versus Tyler Seguin in BlackHawks zone.
13:28 of 3rd period - Shot by Yegor Chinakhov.
13:28 of 3rd period - Stopped by Casey DeSmith without a rebound.
13:29 of 3rd period - Tyler Seguin wins face-off versus Yegor Chinakhov in BlackHawks zone.
13:33 of 3rd period - Ty Dellandrea is hit by Luke Schenn and loses puck.
14:32 of 3rd period - Juuso Parssinen is hit by Derek Forbort and loses puck.
14:40 of 3rd period - Max Domi is hit by Jake Christiansen and loses puck.
14:48 of 3rd period - Anders Lee is hit by Jake Christiansen and loses puck.
15:03 of 3rd period - Shot by Anders Lee.
15:03 of 3rd period - Stopped by Arturs Silovs without a rebound.
15:04 of 3rd period - Ryan Donato wins face-off versus Nick Bonino in Rangers zone.
15:05 of 3rd period - Shot by Kirill Kaprizov.
15:05 of 3rd period - Shot Blocked by Caleb Jones.
15:07 of 3rd period - Shot by Kirill Kaprizov.
15:07 of 3rd period - Stopped by Arturs Silovs without a rebound.
15:08 of 3rd period - Nick Bonino wins face-off versus Ryan Donato in Rangers zone.
15:13 of 3rd period - Shot by Caleb Jones.
15:13 of 3rd period - Stopped by Casey DeSmith without a rebound.
15:14 of 3rd period - Ryan Donato wins face-off versus Nick Bonino in BlackHawks zone.
15:14 of 3rd period - Kirill Kaprizov is hit by Anthony Beauvillier and loses puck.
15:37 of 3rd period - Shot by Kirill Kaprizov.
15:37 of 3rd period - Stopped by Arturs Silovs with a rebound.
15:39 of 3rd period - Shot by Ryan Donato.
15:39 of 3rd period - Deflect By Kirill Kaprizov.
15:39 of 3rd period - Shot Misses the Net.
15:41 of 3rd period - Shot by Kirill Kaprizov.
15:41 of 3rd period - Stopped by Arturs Silovs without a rebound.
15:42 of 3rd period - Casey Mittelstadt wins face-off versus Ivan Barbashev in Rangers zone.
15:44 of 3rd period - Icing by Luke Schenn.
15:45 of 3rd period - Casey Mittelstadt wins face-off versus Ivan Barbashev in Rangers zone.
15:45 of 3rd period - Casey Mittelstadt is hit by Ivan Barbashev.
15:54 of 3rd period - Mario Ferraro is hit by Braden Schneider.
16:58 of 3rd period - Shot by Nick Bonino.
16:58 of 3rd period - Stopped by Casey DeSmith without a rebound.
16:59 of 3rd period - Tyler Seguin wins face-off versus Juuso Parssinen in BlackHawks zone.
18:01 of 3rd period - Icing by Ryan Donato.
18:02 of 3rd period - Luke Kunin wins face-off versus Ryan Donato in BlackHawks zone.
18:11 of 3rd period - Shot by Patrik Laine.
18:11 of 3rd period - Shot Misses the Net.
18:14 of 3rd period - Icing by Marc-Edouard Vlasic.
18:15 of 3rd period - Casey Mittelstadt wins face-off versus Ryan Donato in BlackHawks zone.
18:15 of 3rd period - Casey Mittelstadt is hit by Braden Schneider.
18:56 of 3rd period - Shot by Eric Robinson.
18:56 of 3rd period - Deflect By Justin Danforth.
18:56 of 3rd period - Shot Misses the Net.
19:22 of 3rd period - Shot by Anders Lee.
19:22 of 3rd period - Stopped by Arturs Silovs without a rebound.
19:23 of 3rd period - Luke Kunin wins face-off versus Ivan Barbashev in Rangers zone.
Goals for this period are 0 for Rangers vs 0 for BlackHawks.
Shots for this period are 12 for Rangers vs 13 for BlackHawks.